AoeStats
← Aloxen

Fortress

510632943Analyzed
1v1 RM · 17h ago on Oct 1, 2026· 43m 3s· 2 players
Game mode
Random Map
Map size
Small (3 player)
Population
200
Speed
Normal
Resources
Standard
Victory
Conquest
Starting age
Dark Age
Ending age
Imperial Age
RankedLock teamsTeams togetherTeam positionsShared explorationLock speedFull tech treeHidden civsTurbo modeCheats
Victory
Defeat
🇪🇸 Spanish · Spain
1213
+18
🇦🇷 Portuguese · Argentina
1249
-18
Carburador
8:16 Feudal Age
9:57 Loom
10:08 Double-Bit Axe
11:09 Horse Collar
13:53 Castle Age
12:04 Fletching
13:04 Padded Archer Armor
14:01 Wheelbarrow
16:38 Leather Archer Armor
17:01 Town Watch
18:35 Elite Skirmisher
22:13 Bow Saw
23:27 Ballistics
23:55 Bodkin Arrow
24:51 Hand Cart
29:40 Imperial Age
26:39 Pikeman
27:41 Scale Mail Armor
27:51 Forging
28:34 Chain Mail Armor
30:12 Iron Casting
29:45 Halberdier
30:04 Halberdier
31:16 Plate Mail Armor
32:47 Blast Furnace
32:54 Bracer
33:38 Conscription
32:43 Elite Organ Gun
33:43 Arson
35:17 Ring Archer Armor
36:19 Arquebus
38:44 Heavy Plow
39:00 Bloodlines
38:10 Light Cavalry
Aloxen
8:02 Feudal Age
11:53 Castle Age
9:46 Double-Bit Axe
9:56 Horse Collar
14:30 Wheelbarrow
14:09 Bow Saw
18:09 Loom
19:14 Heavy Plow
21:49 Hand Cart
21:29 Town Watch
23:02 Gold Mining
23:03 Stone Mining
24:38 Scale Barding Armor
24:44 Forging
27:50 Imperial Age
25:30 Husbandry
25:41 Bloodlines
25:54 Chain Barding Armor
28:07 Iron Casting
28:25 Masonry
28:26 Fortified Wall
28:13 Cavalier
29:36 Plate Barding Armor
30:02 Blast Furnace
29:27 Conscription
30:06 Fletching
30:17 Padded Archer Armor
32:26 Stone Shaft Mining
32:52 Two-Man Saw
31:53 Paladin
32:31 Bodkin Arrow
34:34 Ballistics
35:14 Chemistry
34:45 Architecture
35:42 Bracer
35:58 Leather Archer Armor
37:27 Elite Skirmisher
38:13 Thumb Ring
Connection lost

Rejoining the realm…

Still unreachable

The connection could not be restored.

Session expired

The server has moved on; the page needs a fresh start.